 Dungeon Crawl Stone Soup version 0.29-a0-1027-gcd8c55af63 (webtiles) character file.

Game seed: 10562472044498137135

846 drpainis the Covert (level 7, -2/32 HPs)
             Began as a Spriggan Enchanter on Aug 13, 2022.
             Was an Initiate of Dithmenos.
             Slain by Grinder (6 damage)
             ... on level 5 of the Dungeon.
             The game lasted 00:09:48 (7196 turns).

drpainis the Covert (Spriggan Enchanter)            Turns: 7196, Time: 00:09:49

Health: -2/32      AC:  2    Str:  4    XL:     7   Next: 68%
Magic:  15/15      EV: 18    Int: 19    God:    Dithmenos [......]
Gold:   284        SH:  0    Dex: 15    Spells: 4/15 levels left

rFire   . . .      SeeInvis +   a - +1 dagger
rCold   + . .      Faith    .   (no shield)
rNeg    . . .      Spirit   .   b - +0 robe
rPois   .          Reflect  .   (helmet restricted)
rElec   .          Harm     .   (no cloak)
rCorr   .          Rampage  .   (gloves unavailable)
Will    +....                   (boots unavailable)
Stlth   ++++......              e - amulet of magic regeneration
HPRegen 0.10/turn               n - ring of protection from cold
MPRegen 0.54/turn               (no ring)

@: invisible, very quick
A: very small, no large weapons, unfitting armour, see invisible, speed 3
a: Renounce Religion


You were on level 5 of the Dungeon.
You worshipped Dithmenos.
Dithmenos was noncommittal.
You visited 2 branches of the dungeon, and saw 6 of its levels.

You collected 284 gold pieces.

Inventory:

Hand Weapons
 a - a +1 dagger (weapon)
Armour
 b - a +0 robe (worn)
Jewellery
 e - an amulet of magic regeneration (around neck)
 n - a ring of protection from cold (left hand)
Wands
 p - a wand of paralysis (9)
 v - a wand of light (8)
Scrolls
 f - 2 scrolls of fear
 g - 3 scrolls of immolation
 i - a scroll of teleportation {unknown}
 j - 2 scrolls of magic mapping
 k - a scroll of identify
 m - a scroll of poison {unknown}
 o - 2 scrolls of noise
 q - 3 scrolls of brand weapon
 w - a scroll of enchant armour {unknown}
Potions
 c - a potion of invisibility
 d - 2 potions of curing {unknown}
 h - a potion of heal wounds
 l - 2 potions of experience {unknown}
 r - 2 potions of attraction {unknown}
 s - a potion of might {unknown}
 t - a potion of lignification {unknown}
 u - a potion of magic {unknown}


   Skills:
 + Level 0.9 Fighting
 + Level 3.1 Short Blades
 + Level 3.6 Dodging
 + Level 9.0 Stealth
 + Level 4.7 Spellcasting
 + Level 5.6 Hexes
 + Level 2.6 Ice Magic


You had 4 spell levels left.
You knew the following spells:

 Your Spells              Type           Power      Damage    Failure   Level
a - Ensorcelled Hibernat  Hex/Ice        40%        N/A       3%          2
b - Confusing Touch       Hex            25%        N/A       3%          3
c - Tukima's Dance        Hex            25%        N/A       3%          3
d - Dazzling Flash        Conj/Hex       30%        N/A       12%         3

Your spell library contained the following spells:

 Spells                   Type           Power      Damage    Failure   Level
 Dispersal                Tloc           2%         N/A       100%        6
 Disjunction              Tloc           2%         N/A       100%        8


Dungeon Overview and Level Annotations

Branches:
Dungeon (5/15)             Temple (1/1) D:4

Altars:
Ashenzari
Dithmenos
Fedhas
Gozag
Hepliaklqana
Kikubaaqudgha
Makhleb
Nemelex Xobeh
Okawaru
Ru
Sif Muna
Trog
Vehumet
Xom
Yredelemnul
Zin
The Shining One

Annotations:
D:5 Grinder


Innate Abilities, Weirdness & Mutations

You are very small and have problems with some larger weapons.
You are too small for most types of armour.
You have supernaturally acute eyesight. (SInv)
You cover ground extremely quickly. (Speed+++)


Message History

The ogre looks drowsy...
Your magical contamination has completely faded away.
Grinder comes into view.
The helpless ogre fails to defend itself.
You perforate the ogre like a sieve!!!
You kill the ogre!
Dithmenos accepts your kill.
Your Short Blades skill increases to level 3!
Your Stealth skill increases to level 9!
Grinder gestures at you.
You easily resist.
You fade into invisibility!
Grinder is nearby!
Grinder says, "DUCK!"
You see here a +0 trident.
Things that are here:
a +0 scimitar; a +0 plate armour of poison resistance You start resting.
Grinder is nearby!
Grinder is nearby!
Grinder is nearby!
Casting: Ensorcelled Hibernation (safe; 3% risk of failure)
Confirm with . or Enter, or press ? or * to list all spells.
Your hands begin to glow red.
Grinder is nearby!
Unknown command.
You hit Grinder but do no damage.
Grinder says, "Mostly I couldn't keep them alive."
Grinder hits you.
* * * LOW HITPOINT WARNING * * *
You hit Grinder but do no damage.
Your hands stop glowing.
You strike the helpless Grinder from behind!
You impale Grinder!! Your punch misses Grinder.
Grinder is heavily wounded.
Grinder completely misses you.
You hit Grinder.
Grinder is heavily wounded.
Grinder hits you.
You die...

###
#@#
#5#
#.##
##.#
##.##
#...#
#.))#
#.#)##
###..#


You could see Grinder (unable to see you).

Vanquished Creatures
  An orc warrior (D:5)
  An ice beast (D:5)
  2 ogres (D:5)
  2 scorpions (D:4)
  A howler monkey (D:4)
  3 iguanas
  Natasha (thrice) (D:4)
  An orc wizard (D:4)
  A gnoll (D:1)
  6 adders
  A white imp (D:5)
  2 worms
  2 dart slugs
  15 orcs
  5 bats
  6 endoplasms
  3 giant cockroaches
  4 goblins
  7 hobgoblins
  5 quokkas
  4 ball pythons (D:1)
  A frilled lizard (D:2)
  4 kobolds
  9 rats
89 creatures vanquished.

Notes
Turn   | Place    | Note
-------+----------+-------------------------------------------
     0 | D:1      | drpainis the Spriggan Enchanter began the quest for the
                  | Orb.
     0 | D:1      | Reached XP level 1. HP: 9/9 MP: 5/5
   642 | D:1      | Found a faded altar of an unknown god.
   671 | D:1      | Reached XP level 2. HP: 12/13 MP: 6/6
  1113 | D:1      | Learned a level 2 spell: Ensorcelled Hibernation
  1549 | D:1      | Reached skill level 5 in Stealth
  1801 | D:1      | Reached XP level 3. HP: 16/16 MP: 6/8
  2455 | D:2      | Identified the +1 leather armour of Amelioration {Dex+4}
  2709 | D:2      | Found a radiant altar of Vehumet.
  3070 | D:2      | Reached XP level 4. HP: 16/21 MP: 9/9
  3374 | D:3      | Learned a level 3 spell: Confusing Touch
  3378 | D:3      | Learned a level 3 spell: Tukima's Dance
  3444 | D:3      | Found an ancient bone altar of Kikubaaqudgha.
  3658 | D:3      | Reached skill level 6 in Stealth
  4115 | D:4      | Noticed a scorpion
  4392 | D:4      | Killed a scorpion
  4393 | D:4      | Reached XP level 5. HP: 15/24 MP: 8/11
  4647 | D:3      | Learned a level 3 spell: Dazzling Flash
  4740 | D:4      | Reached skill level 1 in Ice Magic
  4900 | D:4      | Noticed Natasha
  4915 | D:4      | Killed Natasha
  5200 | D:4      | Noticed Natasha
  5225 | D:4      | Reached skill level 7 in Stealth
  5300 | D:4      | Killed Natasha
  5301 | D:4      | Reached XP level 6. HP: 29/29 MP: 10/12
  5376 | D:4      | Noticed Natasha
  5383 | D:4      | Killed Natasha
  5693 | D:4      | Reached skill level 5 in Hexes
  5858 | D:4      | Found a staircase to the Ecumenical Temple.
  5879 | Temple   | Entered the Ecumenical Temple
  6058 | Temple   | Became a worshipper of Dithmenos the Shadowed
  6365 | D:5      | Entered Level 5 of the Dungeon
  6483 | D:4      | Reached skill level 8 in Stealth
  6605 | D:5      | Reached XP level 7. HP: 32/32 MP: 11/14
  7151 | D:5      | HP: 1/32 [ogre/+0 giant club (29)]
  7159 | D:5      | Noticed Grinder
  7162 | D:5      | Reached skill level 9 in Stealth
  7196 | D:5      | Slain by Grinder

Illustrated notes

Levels and vault maps discovered:
D:1:      beargit_arrival_diablo_church, layout_loops_ring,
          hellmonk_ecumenical_altar_inner_sanctum
D:2:      layout_basic, basic_altar, minivault_4, st_stairs_8
D:3:      layout_basic, amcnicky_altar_gilded, st_stairs_1
D:4:      layout_loops_ring, minmay_temple_entry_junction, uniq_natasha
D:5:      layout_cave_pods, marbit_many_paths, uniq_grinder
Temple:   nicolae_temple_slightly_damp_pantheon

Skill      XL: |  1  2  3  4  5  6  7 |
---------------+----------------------+-----
Hexes          | 4 5 |  5.6
Stealth        | 5 6 7 8 9 |  9.0
Dodging        | 3 |  3.6
Spellcasting   | 3 4 |  4.7
Short Blades   | 2 3 |  3.1
Ice Magic      | 1 2 |  2.6
Fighting       | |  0.9

Action                   |  1- 3 |  4- 6 |  7- 9 || total
-------------------------+-------+-------+-------++-------
Melee: Dagger            |   120 |   103 |    26 ||   249
       Punch             |     2 |       |     1 ||     3
 Cast: Ensorcelled Hiber |    11 |    51 |    11 ||    73
       Confusing Touch   |       |     3 |     3 ||     6
       Dazzling Flash    |       |       |     1 ||     1
  Use: Scroll            |       |     5 |       ||     5
       Potion            |       |     1 |     1 ||     2
 Stab: Sleeping          |    19 |    41 |     5 ||    65
       Confused          |       |     1 |     2 ||     3
       Invisible         |       |       |     1 ||     1
Armor: Robe              |    14 |     6 |       ||    20
Dodge: Dodged            |    68 |    64 |    18 ||   150

Table legend: (Time is in decaauts)
 A = Elapsed time spent in this place.
 B = Non-inter-level travel time spent in this place.
 C = Inter-level travel time spent in this place.
 D = Time resting spent in this place.
 E = Time spent auto-exploring this place.
 F = Levels seen in this place.
 G = Mean time per level.
                   A        B        C        D        E       F      G
               +--------+--------+--------+--------+--------+-----+--------+
         Total |   5798 |   5644 |    154 |   1948 |   2719 |   6 |  966.3 |
       Dungeon |   5665 |   5511 |    154 |   1948 |   2621 |   5 | 1133.0 |
        Temple |    132 |    132 |      0 |      0 |     97 |   1 |  132.0 |
               +--------+--------+--------+--------+--------+-----+--------+

Top non-repeatable levels by time:
     D:1: 2102 daAuts
     D:4: 1326 daAuts
     D:3: 934 daAuts
     D:5: 672 daAuts
     D:2: 629 daAuts
  Temple: 132 daAuts
